 Dungeon Crawl Stone Soup version 0.16.2-12-gd0ad4c3 (webtiles) character file.

45 carl the Firebug (level 3, -4/19 HPs)
             Began as a Gargoyle Fire Elementalist on Oct 17, 2015.
             Slain by an iguana (9 damage)
             ... on level 3 of the Dungeon.
             The game lasted 00:03:46 (1736 turns).

carl the Firebug (Gargoyle Fire Elementalist)       Turns: 1736, Time: 00:03:47

Health: -4/19      AC:  5    Str: 11    XL:     3   Next: 64%
Magic:  0/6        EV: 12    Int: 16    God:
Gold:   124        SH:  0    Dex: 15    Spells: 2 memorised, 3 levels left

rFire  . . .     SeeInvis .     n - +0 whip
rCold  . . .     Clarity  .     a - +0 robe
rNeg   + . .     SustAb   .     (no shield)
rPois  ∞         Gourm    .     (no helmet)
rElec  +         Spirit   .     (no cloak)
rCorr  .         Warding  .     (no gloves)
rMut   .         Stasis   .     (no boots)
MR     .....                    (no amulet)
Stlth  ++........               (no ring)
                                p - +5 ring of dexterity

@: not resistant to hostile enchantments, unstealthy
A: negative energy resistance 1, electricity resistance, unbreathing,
petrification resistance, rot immunity, AC +3
a: no special abilities


You were on level 3 of the Dungeon.
You were not hungry.

You visited 1 branch of the dungeon, and saw 3 of its levels.

You collected 124 gold pieces.

Inventory:

Hand weapons
 n - a +0 whip (weapon)
Armour
 a - a +0 robe (worn)
Jewellery
 p - a +5 ring of dexterity (left hand)
Scrolls
 e - a scroll of enchant weapon {unknown}
 f - 3 scrolls of recharging {unknown}
 g - 2 scrolls of remove curse {unknown}
 i - a scroll of noise {unknown}
 j - a scroll of immolation {unknown}
 k - a scroll of enchant armour {unknown}
 m - a scroll of fear {unknown}
 q - a scroll of identify {unknown}
Potions
 d - a potion of curing {unknown}
 h - a potion of agility {unknown}
 r - a potion of cancellation {unknown}
Books
 b - a book of Flames

   Spells                             Type                      Level
   a - Flame Tongue                   Conjuration/Fire             1
   b - Throw Flame                    Conjuration/Fire             2
   c - Conjure Flame                  Conjuration/Fire             3
   d - Inner Flame                    Hexes/Fire                   3
   e - Sticky Flame                   Conjuration/Fire             4
   f - Fireball                       Conjuration/Fire             5
Comestibles
 c - 4 bread rations
 l - a slice of pizza
 o - 3 chunks of flesh


   Skills:
 - Level 1.5 Dodging
 - Level 2.1 Stealth
 - Level 2.0 Spellcasting
 - Level 1.1 Conjurations
 + Level 4.5 Fire Magic


You had 3 spell levels left.
You knew the following spells:

 Your Spells              Type           Power        Failure   Level  Hunger
a - Flame Tongue          Conj/Fire      ##...        10%         1    #......
b - Throw Flame           Conj/Fire      ##....       12%         2    ###....


Dungeon Overview and Level Annotations

Branches:
Dungeon (3/15)

Altars:

Annotations:
D:2 Sigmund


Innate Abilities, Weirdness & Mutations

You are resistant to torment.
You are immune to poison.
Your stone body is very resilient (AC +3).
You resist negative energy.
You are resistant to electric shocks.
You can survive without breathing.
You are immune to petrification.
You are immune to rotting.


Message History

Things that are here:
a dagger; a short sword; a whip
Casting: Flame Tongue
Confirm with . or Enter, or press ? or * to list all spells.
Aiming: Flame Tongue
Press: ? - help, Shift-Dir - straight line, f/p - iguana
Aim: an iguana (almost dead)
The flame tongue hits the iguana.
The iguana appears unharmed.
The iguana is almost dead.
The iguana bites you.
* * * LOW HITPOINT WARNING * * *
Casting: Flame Tongue
Confirm with . or Enter, or press ? or * to list all spells.
Aiming: Flame Tongue
Press: ? - help, Shift-Dir - straight line, f/p - iguana
Aim: an iguana (almost dead)
The flame tongue hits the iguana.
The iguana appears unharmed.
The iguana is almost dead.
The iguana bites you!
You die...

###########.# #.# #.# #.#
####### #.# ......# #.#
......# ###.###### ......#
#........# ......#
#.#.####@# ......# #.#.#
#l# ......# #.#.# #.#
......# #.#.# #.# #######
#.#.# #.# #.#.# #.# #.#.#
#)# #########.#.####.#
.................#########


You could see an iguana.

Vanquished Creatures
  An adder (D:2)
  A worm (D:3)
  3 giant geckos
  4 orcs (D:3)
  4 bats (D:1)
  A giant cockroach (D:1)
  2 hobgoblins (D:2)
  6 jackals
  A giant newt (D:3)
  5 goblins
  A kobold (D:1)
  4 rats (D:1)
33 creatures vanquished.

Notes
Turn   | Place    | Note
--------------------------------------------------------------
     0 | D:1      | carl, the Gargoyle Fire Elementalist, began the quest for the Orb.
     0 | D:1      | Reached XP level 1. HP: 10/10 MP: 3/3
   227 | D:1      | Reached XP level 2. HP: 15/15 MP: 4/4
   235 | D:1      | Learned a level 2 spell: Throw Flame
  1062 | D:2      | Reached skill level 4 in Fire Magic
  1121 | D:2      | Noticed Sigmund
  1147 | D:1      | Reached XP level 3. HP: 19/19 MP: 4/6
  1290 | D:2      | You fall through a shaft!
  1736 | D:3      | Slain by an iguana

Action                   || total
-------------------------++-------
Melee: Club              ||    41
       Whip              ||     6
 Cast: Flame Tongue      ||    49
 Stab: Sleeping          ||     1
  Eat: Chunk             ||     3
